 Dungeon Crawl Stone Soup version 0.31-b1-12-gca42e3d1b8 (webtiles) character file.

Game seed: 14810368931050724189

1040 Arctor the Ruffian (level 8, -1/60 HPs)
             Began as a Gnoll Shapeshifter on Jan 15, 2024.
             Slain by Duvessa
             ... wielding a +2 short sword of venom
              (11 damage)
             ... on level 5 of the Dungeon.
             The game lasted 00:07:12 (4157 turns).

Arctor the Ruffian (Gnoll Shapeshifter)             Turns: 4157, Time: 00:07:12

Health: -1/60      AC:  6    Str: 16    XL:     8   Next: 24%
Magic:  12/12      EV: 14    Int:  7    God:
Gold:   196        SH:  0    Dex: 12    Spells: 13/13 levels left

rFire   . . .        e - +6 battleaxe (pain)
rCold   + . .        (shield currently unavailable)
rNeg    . . .        a - +1 animal skin
rPois   .            (no helmet)
rElec   .            (no cloak)
rCorr   +            (no gloves)
SInv    .            o - +2 pair of boots of Foolhardiness {rCorr}
Will    .....        (no amulet)
Stlth   ++           (no ring)
HPRegen 0.30/turn    (no ring)
MPRegen 0.13/turn

%: no passive effects
@: mighty, lethally poisoned (-1 -> -18)
A: fangs 1, strong nose, distributed training, cold resistance 1, dopey 1,
evolution 1
a: no special abilities


You were on level 5 of the Dungeon.
You visited 1 branch of the dungeon, and saw 5 of its levels.
You also visited: Sewer.

You collected 196 gold pieces.

Inventory:

Hand Weapons
 e - a +6 battleaxe of pain (weapon)
Missiles
 m - a throwing net
 t - 3 boomerangs (quivered)
Armour
 a - a +1 animal skin (worn)
 o - the +2 pair of boots of Foolhardiness (worn) {rCorr}
   (You found it on level 2 of the Dungeon)

   rCorr:     It protects you from acid and corrosion.
Jewellery
 y - an amulet of magic regeneration
Talismans
 c - a beast talisman
 d - a flux talisman
 z - a serpent talisman
Wands
 f - a wand of flame (17)
 u - a wand of charming (7)
Scrolls
 g - 3 scrolls of identify
 h - 3 scrolls of revelation
 i - a scroll of fog
 j - 3 scrolls of blinking {unknown}
 l - 5 scrolls of teleportation {unknown}
 n - a scroll of enchant armour
 p - a scroll of amnesia {unknown}
 s - a scroll of fear {unknown}
 v - a scroll of summoning {unknown}
 w - a scroll of vulnerability {unknown}
 x - a scroll of immolation {unknown}
Potions
 b - a potion of lignification
 k - a potion of heal wounds


   Skills:
 + Level 4.2 Fighting
 + Level 3.2 Short Blades
 + Level 3.2 Long Blades
 + Level 3.2 Axes
 + Level 3.2 Maces & Flails
 + Level 3.2 Polearms
 + Level 3.2 Staves
 + Level 3.2 Ranged Weapons
 + Level 3.2 Throwing
 + Level 3.2 Armour
 + Level 5.6 Dodging
 + Level 3.2 Stealth
 + Level 3.2 Shields
 + Level 7.3 Unarmed Combat
 + Level 3.2 Spellcasting
 + Level 2.6 Conjurations
 + Level 2.6 Hexes
 + Level 2.6 Summonings
 + Level 2.6 Necromancy
 + Level 2.6 Translocations
 + Level 2.6 Fire Magic
 + Level 2.6 Ice Magic
 + Level 2.6 Air Magic
 + Level 2.6 Earth Magic
 + Level 2.6 Alchemy
 + Level 3.5 Invocations
 + Level 3.2 Evocations
 + Level 7.2 Shapeshifting


You had 13 spell levels left.
You didn't know any spells.
Your spell library contained the following spells:

 Spells                   Type           Power      Damage    Failure   Level
 Call Canine Familiar     Summ           4%         N/A       34%         3
 Inner Flame              Hex/Fire       4%         N/A       34%         3
 Summon Forest            Summ/Tloc      2%         N/A       97%         5
 Summon Cactus Giant      Summ           2%         N/A       100%        6


Dungeon Overview and Level Annotations

Branches:
Dungeon (5/15)              Sewer (visited)
 Temple: D:4-7

Altars:
Ashenzari
Kikubaaqudgha
Trog
Uskayaw
Vehumet

Shops:
D:1 (

Annotations:
D:5 Duvessa


Innate Abilities, Weirdness & Mutations

You have very sharp teeth.
Your uncanny sense of smell can sniff out nearby items.
Your experience applies equally to all skills.
Your flesh is cold resistant. (rC+)
You are dopey. (Int -2)
You have hidden genetic potential.


Message History

It was a potion of cancellation.
Your magical effects are unravelling.
You feel magically purged.
You are no longer glowing.
You feel very sick. Duvessa misses you. Dowan hits you but does no damage.
It was a potion of might.
You feel very mighty all of a sudden.
You feel very sick. Duvessa closely misses you. Dowan misses you.
You barely miss Dowan.
Dowan is severely wounded.
You slash Duvessa!
You feel very sick.
Duvessa hits you with a +2 short sword of venom.
You are more poisoned.
An orc wizard comes into view. It is wielding a +0 dagger.
Dowan casts a spell at you. The puff of frost misses you. Dowan misses you.
Duvessa hits you with a +2 short sword of venom!
You are lethally poisoned!
Sorry, you're not good enough to have a special ability.
Okay, then.
Okay, then.
Okay, then.
The orc wizard shouts!
You slice Dowan!!
You kill Dowan!
Duvessa weeps, and shakes her weapon.
Duvessa goes berserk!
You barely miss Duvessa.
* * * LOW HITPOINT WARNING * * *
You feel extremely sick. Duvessa barely misses you.
An orc comes into view. It is wielding a +0 falchion.
The orc wizard points at you and mumbles some strange words.
The magic dart hits you.
* * * LOW HITPOINT WARNING * * *
An adder comes into view.
Duvessa hits you with a +2 short sword of venom!
You die...

∆ ..oS....# #.. #.o.....# ...
#.o.....# .... #.....<.#
..... .......##.... .........
.### #o#.)# ... ####..@.#
##.### #.....e##.. #....
#........... #..#
#..#######..#####..#
#.........∆ #...<..#
#.######## #.#....#
#######....# #.##.<## O
+..........# #.##)###..5
##.........########.##.......


You could see Duvessa (berserk), an orc wizard, an adder (wandering) and 2 orcs.

Vanquished Creatures
  Pikel (D:4)
  An ogre (D:5)
  3 lemures (D:4)
  A scorpion (D:5)
  Dowan (D:5)
  2 hounds
  4 jellies
  Ijyb (D:4)
  An orc wizard (D:3)
  8 adders
  A river rat (Sewer)
  A shadow imp (D:5)
  3 dart slugs
  2 ribbon worms (D:4)
  4 orcs
  14 endoplasms
  9 giant cockroaches
  6 goblins
  7 hobgoblins
  11 jackals
  7 quokkas
  11 ball pythons
  8 frilled lizards
  6 kobolds
  7 rats
120 creatures vanquished.

Notes
Turn   | Place    | Note
-------+----------+-------------------------------------------
     0 | D:1      | Arctor the Gnoll Shapeshifter began the quest for the Orb.
     0 | D:1      | Reached XP level 1. HP: 17/17 MP: 1/1
   116 | D:1      | Reached XP level 2. HP: 16/23 MP: 2/2
   391 | D:1      | Found Anieperch's Antique Weapon Emporium.
   476 | D:1      | Found a faded altar of an unknown god.
   744 | D:1      | Reached XP level 3. HP: 28/28 MP: 3/3
  1014 | D:2      | Reached skill level 1 in Invocations
  1059 | D:2      | Reached skill level 1 in Short Blades
  1059 | D:2      | Reached skill level 1 in Long Blades
  1059 | D:2      | Reached skill level 1 in Axes
  1059 | D:2      | Reached skill level 1 in Maces & Flails
  1059 | D:2      | Reached skill level 1 in Polearms
  1059 | D:2      | Reached skill level 1 in Staves
  1059 | D:2      | Reached skill level 1 in Ranged Weapons
  1059 | D:2      | Reached skill level 1 in Throwing
  1059 | D:2      | Reached skill level 1 in Armour
  1059 | D:2      | Reached skill level 1 in Stealth
  1059 | D:2      | Reached skill level 1 in Shields
  1059 | D:2      | Reached skill level 1 in Spellcasting
  1059 | D:2      | Reached skill level 1 in Evocations
  1305 | D:2      | Reached XP level 4. HP: 29/34 MP: 5/5
  1420 | D:2      | Identified the +2 pair of boots of Foolhardiness {rCorr}
  1921 | D:3      | Reached skill level 1 in Conjurations
  1921 | D:3      | Reached skill level 1 in Hexes
  1921 | D:3      | Reached skill level 1 in Summonings
  1921 | D:3      | Reached skill level 1 in Necromancy
  1921 | D:3      | Reached skill level 1 in Translocations
  1921 | D:3      | Reached skill level 1 in Fire Magic
  1921 | D:3      | Reached skill level 1 in Ice Magic
  1921 | D:3      | Reached skill level 1 in Air Magic
  1921 | D:3      | Reached skill level 1 in Earth Magic
  1921 | D:3      | Reached skill level 1 in Alchemy
  2059 | D:3      | Reached XP level 5. HP: 40/40 MP: 7/7
  2064 | D:3      | Found a glowing drain.
  2099 | Sewer    | Entered a sewer
  2306 | Sewer    | Found a viscous altar of Jiyva.
  2367 | Sewer    | Reached XP level 6. HP: 47/47 MP: 8/8
  2470 | D:3      | Identified a scroll of acquirement
  2471 | D:3      | Acquired a +6 battleaxe of pain
  2590 | D:3      | Reached skill level 5 in Dodging
  2616 | D:3      | Found an ancient bone altar of Kikubaaqudgha.
  2618 | D:3      | Found a hide-covered altar of Uskayaw.
  2636 | D:3      | Got the Monograph on Accompaniment and the Torch
  2642 | D:3      | Found a broken altar of Ashenzari.
  2735 | D:3      | Found a radiant altar of Vehumet.
  2910 | D:4      | Noticed Ijyb
  2917 | D:4      | Killed Ijyb
  3349 | D:4      | Noticed Pikel
  3361 | D:4      | Gained mutation: You have hidden genetic potential. [potion
                  | of mutation]
  3361 | D:4      | Gained mutation: You are dopey. (Int -2) [potion of
                  | mutation]
  3373 | D:4      | Killed Pikel
  3374 | D:4      | Reached XP level 7. HP: 25/54 MP: 9/11
  3375 | D:4      | Gained mutation: Your flesh is cold resistant. (rC+)
                  | [hidden potential]
  3504 | D:4      | Found a bloodstained altar of Trog.
  3851 | D:5      | Entered Level 5 of the Dungeon
  3859 | D:5      | Reached XP level 8. HP: 44/60 MP: 12/12
  4149 | D:5      | Noticed Dowan
  4150 | D:5      | Noticed Duvessa
  4157 | D:5      | Killed Dowan
  4157 | D:5      | Slain by Duvessa

Illustrated notes

Levels and vault maps discovered:
D:1:      dpeg_arrival_round_a, layout_loops_corners,
          shapermc_ecumenical_altar_petra, serial_shops, shop,
          minmay_small_reverse_x
D:2:      layout_basic, corexii_hall_statues_deadend, grunt_decor_arrowhead,
          grunt_decor_junction, lightli_corner_chamber
D:3:      cheibrodos_old_hovel, layout_rooms, minmay_overflow_temple_star_quad,
          mainiacjoe_overflow_catwalk, gup_sewer_entry_glass
D:4:      layout_basic, kennysheep_mini_moat, serial_glass, glass_columns_b,
          glass_columns_c, minmay_crystal_room, uniq_pikel, uniq_ijyb
D:5:      layout_basic, uniq_duvessa

Skill      XL: |  1  2  3  4  5  6  7 |
---------------+----------------------+-----
Invocations    | 1 2 3 |  3.5
Short Blades   | 1 2 3 |  3.2
Long Blades    | 1 2 3 |  3.2
Axes           | 1 2 3 |  3.2
Maces & Flails | 1 2 3 |  3.2
Polearms       | 1 2 3 |  3.2
Staves         | 1 2 3 |  3.2
Ranged Weapons | 1 2 3 |  3.2
Throwing       | 1 2 3 |  3.2
Armour         | 1 2 3 |  3.2
Stealth        | 1 2 3 |  3.2
Shields        | 1 2 3 |  3.2
Spellcasting   | 1 2 3 |  3.2
Evocations     | 1 2 3 |  3.2
Conjurations   | 1 2 |  2.6
Hexes          | 1 2 |  2.6
Summonings     | 1 2 |  2.6
Necromancy     | 1 2 |  2.6
Translocations | 1 2 |  2.6
Fire Magic     | 1 2 |  2.6
Ice Magic      | 1 2 |  2.6
Air Magic      | 1 2 |  2.6
Earth Magic    | 1 2 |  2.6
Alchemy        | 1 2 |  2.6
Fighting       | 3 4 |  4.2
Dodging        | 5 |  5.6
Unarmed Combat | 7 |  7.3
Shapeshifting  | 7 |  7.2

Action                     |  1- 3 |  4- 6 |  7- 9 || total
---------------------------+-------+-------+-------++-------
  Melee: Unarmed           |    75 |   109 |       ||   184
         Bite              |     6 |     7 |     5 ||    18
         Punch             |     3 |     2 |       ||     5
         Battleaxe         |       |    60 |    26 ||    86
Ability: Begin Untransform |       |     1 |       ||     1
    Use: Scroll            |       |     5 |       ||     5
         Potion            |       |     6 |     2 ||     8
   Stab: Sleeping          |     2 |     5 |       ||     7
 Armour: Animal skin       |    18 |    56 |    21 ||    95
         Skin              |       |    34 |       ||    34
  Dodge: Dodged            |    51 |    96 |    27 ||   174
   Form: Beast             |       |     1 |       ||     1
